AoeStats
← NonlyZorg

Arena

508171703Analyzed
4v4 RM · 12d ago on Sep 21, 2026· 80m 48s· 8 players
Game mode
Random Map
Map size
Large (8 player)
Population
200
Speed
Normal
Resources
Standard
Victory
Conquest
Starting age
Dark Age
Ending age
Imperial Age
RankedLock teamsTeams togetherTeam positionsShared explorationLock speedFull tech treeHidden civsTurbo modeCheats
Victory
Defeat
🇪🇨 Spanish · Ecuador
1120
+15
🇲🇽 Maya · Mexico
1109
+16
🇲🇽 Cumans · Mexico
1101
+16
🇺🇸 Celts · United States
1028
+19
🇨🇳 Portuguese · China
1109
-17
🇬🇧 Saracens · United Kingdom
1107
-17
🇮🇳 Poles · India
1095
-16
🇨🇳 Turks · China
1088
-16
4Tapping
11:16 Feudal Age
15:56 Castle Age
14:23 Double-Bit Axe
14:39 Horse Collar
17:46 Bow Saw
21:04 Stone Mining
21:57 Loom
23:00 Wheelbarrow
23:06 Gold Mining
25:54 Hand Cart
27:08 Heavy Plow
31:07 Imperial Age
30:18 Gold Shaft Mining
30:40 Forging
30:35 Scale Barding Armor
30:50 Town Watch
32:48 Chemistry
32:09 Ballistics
31:13 Elite Mameluke
32:26 Bloodlines
32:17 Husbandry
32:54 Conscription
33:35 Iron Casting
33:20 Chain Barding Armor
32:59 Light Cavalry
34:20 Hussar
35:58 Coinage
39:10 Bimaristan
38:59 Murder Holes
40:05 Blast Furnace
39:41 Plate Barding Armor
40:03 Banking
41:28 Two-Man Saw
40:14 Heavy Camel Rider
45:59 Hoardings
54:27 Caravan
65:58 Two-Man Saw
68:27 Siege Engineers
69:27 Onager
76:28 Siege Onager
76:42 Siege Onager
DwarfNing
10:49 Feudal Age
10:00 Loom
14:56 Castle Age
13:18 Double-Bit Axe
13:58 Horse Collar
16:45 Bow Saw
20:57 Stone Mining
25:20 Gold Mining
26:50 Wheelbarrow
30:03 Imperial Age
29:32 Fletching
31:33 Conscription
33:59 Chemistry
33:27 Arquebus
35:26 Fortified Wall
37:00 Hand Cart
37:39 Siege Engineers
38:20 Padded Archer Armor
39:06 Stone Shaft Mining
39:22 Coinage
38:56 Town Watch
40:35 Leather Archer Armor
40:42 Guilds
41:04 Banking
41:08 Bombard Tower
40:30 Treadmill Crane
41:53 Two-Man Saw
43:31 Ring Archer Armor
44:44 Bodkin Arrow
45:01 Forging
44:51 Scale Mail Armor
47:22 Masonry
47:32 Ballistics
49:11 Heavy Plow
51:32 Town Patrol
58:14 Bracer
58:15 Guard Tower
58:21 Murder Holes
58:56 Architecture
59:24 Elite Organ Gun
63:12 Chain Mail Armor
63:32 Iron Casting
62:27 Pikeman
68:46 Sappers
75:50 Plate Mail Armor
飞鱼
1:23 Loom
12:56 Feudal Age
18:19 Castle Age
16:47 Double-Bit Axe
16:45 Horse Collar
22:46 Imperial Age
20:51 Bow Saw
28:20 Squires
30:37 Padded Archer Armor
41:51 Leather Archer Armor
42:22 Conscription
42:46 Elite Janissary
45:33 Heavy Plow
45:58 Town Watch
46:55 Wheelbarrow
47:36 Bloodlines
47:36 Scale Barding Armor
51:59 Hand Cart
51:48 Artillery
56:12 Husbandry
56:58 Chain Barding Armor
60:03 Plate Barding Armor
65:52 Forging
66:59 Iron Casting
70:18 Blast Furnace
73:10 Fletching
74:13 Fortified Wall
77:18 Caravan
Hari Styles#kennyS
6:46 Loom
9:14 Feudal Age
9:44 Double-Bit Axe
9:40 Horse Collar
16:44 Castle Age
16:08 Stone Mining
alexisfabian95
10:25 Feudal Age
10:43 Man-at-Arms
14:39 Forging
21:00 Double-Bit Axe
21:34 Horse Collar
23:10 Gold Mining
23:26 Loom
25:39 Wheelbarrow
28:43 Castle Age
26:34 Stone Mining
27:45 Scale Mail Armor
28:07 Town Watch
28:10 Arson
28:34 Fletching
29:08 Long Swordsman
29:49 Squires
30:29 Iron Casting
29:51 Bodkin Arrow
30:17 Town Patrol
30:38 Bow Saw
29:55 Pikeman
31:00 Bloodlines
30:31 Capped Ram
32:34 Hand Cart
33:25 Gold Shaft Mining
33:51 Padded Archer Armor
36:57 Imperial Age
38:11 Conscription
37:54 Cuman Mercenaries
37:58 Steppe Husbandry
37:21 Elite Steppe Lancer
39:37 Chemistry
38:58 Ballistics
39:29 Two-Handed Swordsman
39:30 Halberdier
40:55 Scale Barding Armor
41:51 Blast Furnace
42:16 Chain Barding Armor
42:12 Leather Archer Armor
41:21 Elite Kipchak
44:52 Plate Barding Armor
44:17 Champion
45:57 Chain Mail Armor
51:32 Two-Man Saw
50:35 Heavy Plow
55:41 Plate Mail Armor
55:42 Ring Archer Armor
55:28 Masonry
55:51 Crop Rotation
57:05 Light Cavalry
61:21 Siege Ram
63:28 Hussar
71:43 Caravan
72:13 Coinage
71:54 Guilds
75:24 Banking
MayaWilly
0:29 Loom
12:55 Feudal Age
17:59 Castle Age
16:07 Double-Bit Axe
16:08 Horse Collar
19:04 Bow Saw
18:57 Heavy Plow
22:24 Wheelbarrow
24:56 Gold Mining
26:58 Forging
28:17 Ballistics
27:52 Fletching
28:03 Padded Archer Armor
28:26 Fortified Wall
29:22 Elite Skirmisher
30:10 Thumb Ring
32:40 Imperial Age
34:32 Chemistry
35:44 Ballistics
40:27 Pikeman
41:10 Squires
42:08 Bodkin Arrow
42:30 Leather Archer Armor
41:41 Crossbowman
43:33 Hand Cart
45:06 Arbalester
45:49 Bracer
46:20 Ring Archer Armor
46:58 Conscription
49:22 Hul'che Javelineers
68:57 Holcans
73:07 Holcans
72:44 Caravan
73:55 Eagle Warrior
75:35 Elite Eagle Warrior
77:44 Iron Casting
79:31 Blast Furnace
78:34 Scale Mail Armor
80:01 Arson
NonlyZorg
5:13 Loom
12:08 Feudal Age
13:35 Double-Bit Axe
15:57 Castle Age
15:09 Wheelbarrow
14:52 Gold Mining
16:39 Horse Collar
18:02 Bow Saw
21:00 Hand Cart
23:29 Heavy Plow
27:40 Imperial Age
26:45 Gold Shaft Mining
26:46 Masonry
26:45 Stone Mining
27:07 Treadmill Crane
29:29 Chemistry
28:41 Fortified Wall
28:20 Town Watch
28:02 Onager
28:28 Pikeman
28:54 Arson
29:32 Halberdier
30:15 Scale Mail Armor
30:26 Forging
30:06 Capped Ram
31:30 Ballistics
32:43 Chain Mail Armor
33:03 Iron Casting
32:48 Padded Archer Armor
32:50 Elite Skirmisher
33:50 Fletching
34:06 Scale Barding Armor
34:31 Plate Mail Armor
36:06 Blast Furnace
36:58 Man-at-Arms
37:23 Gambesons
39:42 Long Swordsman
42:02 Siege Engineers
41:53 Two-Handed Swordsman
43:20 Leather Archer Armor
43:00 Bodkin Arrow
43:02 Champion
44:00 Bodkin Arrow
45:07 Siege Ram
45:49 Siege Onager
47:31 Conscription
47:36 Furor Celtica
52:19 Sappers
52:40 Town Watch
62:23 Ring Archer Armor
62:28 Caravan
71:43 Hoardings
El_Warnersito
12:01 Feudal Age
13:20 Wheelbarrow
12:32 Double-Bit Axe
15:56 Castle Age
14:00 Horse Collar
15:10 Gold Mining
16:33 Loom
17:01 Bow Saw
22:28 Fletching
24:45 Heavy Plow
26:46 Hand Cart
30:38 Imperial Age
28:23 Padded Archer Armor
28:37 Scale Barding Armor
28:43 Forging
28:51 Stone Mining
29:07 Town Watch
30:00 Chain Barding Armor
30:32 Bloodlines
30:23 Husbandry
31:10 Iron Casting
31:14 Cavalier
32:43 Conscription
32:59 Plate Barding Armor
33:25 Blast Furnace
33:57 Two-Man Saw
34:13 Paladin
36:02 Town Patrol
36:57 Padded Archer Armor
37:20 Supremacy
38:09 Leather Archer Armor
39:16 Chemistry
38:36 Ballistics
39:43 Hoardings
39:41 Ring Archer Armor
41:03 Scale Mail Armor
41:02 Gambesons
41:17 Squires
40:38 Pikeman
41:16 Bodkin Arrow
43:33 Bracer
43:17 Elite Skirmisher
45:11 Thumb Ring
48:03 Chain Mail Armor
48:34 Masonry
49:37 Elite Conquistador
52:02 Plate Mail Armor
53:52 Architecture
55:34 Bombard Tower
56:21 Halberdier
58:11 Caravan
59:58 Murder Holes
66:24 Stone Shaft Mining
67:39 Capped Ram
Connection lost

Rejoining the realm…

Still unreachable

The connection could not be restored.

Session expired

The server has moved on; the page needs a fresh start.